 Dungeon Crawl Stone Soup version 0.24.0-13-gcf9b319 (webtiles) character file.

Game seed: 12808740623862187877, levelgen mode: deterministic

22682 Bronimir the Destroyer (level 13, -3/76 HPs)
             Began as a Tengu Wizard on Mar 31, 2020.
             Was an Elder of Vehumet.
             Slain by a dream sheep (11 damage)
             ... on level 6 of the Lair of Beasts.
             The game lasted 01:19:25 (24193 turns).

Bronimir the Destroyer (Tengu Wizard)              Turns: 24193, Time: 01:19:28

Health: -3/76      AC: 18    Str: 10      XL:     13   Next: 1%
Magic:  20/27      EV: 22    Int: 19 (20) God:    Vehumet [****..]
Gold:   677        SH:  0    Dex: 20      Spells: 3/31 levels left

rFire    . . .     SeeInvis .   a - +2 dire flail (protect)
rCold    . . .     Gourm    .   (shield currently unavailable)
rNeg     . . .     Faith    .   O - +2 robe {MR+}
rPois    +         Spirit   .   t - +2 hat
rElec    .         Reflect  .   M - +1 cloak
rCorr    .         Harm     .   (no gloves)
MR       +....                  (boots unavailable)
Stlth    ++........             (no amulet)
HPRegen  0.22/turn              H - +3 ring of protection
MPRegen  0.20/turn              C - +4 ring of dexterity

@: about to teleport, protection aura, flying quickly and evasively, quick
A: beak, talons 3, agile 1, poison resistance, able to fly
a: Stop Flying, Renounce Religion


You were on level 6 of the Lair of Beasts.
You worshipped Vehumet.
Vehumet was greatly pleased with you.
You were very hungry.

You visited 3 branches of the dungeon, and saw 15 of its levels.

You collected 887 gold pieces.
You spent 210 gold pieces at shops.

Inventory:

Hand Weapons
 a - a +2 dire flail of protection (weapon)
 b - a +0 shortbow
 h - a +3 battleaxe
 o - a +1 dagger of speed
 p - a +0 whip of venom
 q - a +2 dagger of flaming
 E - a +2 war axe of freezing
 I - a +2 whip of flaming
Missiles
 j - 120 bolts
 n - 459 stones
 r - 191 arrows
 w - 135 sling bullets
 y - 67 poisoned darts (quivered)
Armour
 m - a +0 robe
 t - a +2 hat (worn)
 v - a +0 leather armour
 z - a +1 leather armour of cold resistance
 F - a +0 ring mail
 M - a +1 cloak (worn)
 O - a +2 robe of magic resistance (worn)
 Q - a +0 shield
 Z - the cursed +0 helmet of Gehenna {rElec MP+9, unknown}
   (You found it on level 4 of the Lair of Beasts)

   It insulates you from electricity.
   It affects your magic capacity (+9).
   It has a curse placed upon it.
Magical Staves
 B - an uncursed staff of fire
 N - an uncursed staff of power
Jewellery
 C - a +4 ring of dexterity (right hand)
 H - a +3 ring of protection (left hand)
 Y - an uncursed amulet of rage {unknown}
Wands
 P - a wand of enslavement (12)
Scrolls
 g - 8 scrolls of identify
 k - 3 scrolls of teleportation
 A - 2 scrolls of remove curse
 D - a scroll of immolation
 L - 4 scrolls of amnesia
 R - a scroll of enchant armour
 T - 2 scrolls of magic mapping {unknown}
 V - a scroll of enchant weapon
 W - a scroll of fog {unknown}
Potions
 c - 4 potions of curing
 e - 2 potions of might
 f - 3 potions of agility
 i - 3 potions of lignification
 l - 2 potions of heal wounds
 s - 2 potions of brilliance
 u - 4 potions of haste
 x - 4 potions of resistance
 G - 2 potions of berserk rage
 J - a potion of mutation
 S - 2 potions of cancellation
 X - a potion of invisibility {unknown}
Miscellaneous
 U - a phial of floods (inert)
Comestibles
 d - 13 rations


   Skills:
 * Level 6.6 Fighting
 + Level 7.4(7.6) Maces & Flails
 + Level 2.2(5.2) Staves
 + Level 4.9 Bows
 + Level 2.1 Throwing
 + Level 5.3 Armour
 * Level 8.0 Dodging
 - Level 2.4 Stealth
 * Level 6.9 Shields
 * Level 9.7 Spellcasting
 * Level 10.4 Conjurations
 + Level 0.3 Charms
 + Level 6.6 Summonings
 - Level 0.7 Translocations
 + Level 4.3 Fire Magic
 + Level 1.1 Air Magic


You had 3 spell levels left.
You knew the following spells:

 Your Spells              Type           Power        Failure   Level  Hunger
a - Magic Dart            Conj           ####         1%          1    None
b - Call Imp              Summ           ####....     1%          2    None
c - Blink                 Tloc           N/A          9%          2    None
d - Iskenderun's Battles  Conj/Chrm      ####....     6%          5    #####..
e - Conjure Flame         Conj/Fire      #####...     1%          3    None
f - Mephitic Cloud        Conj/Pois/Air  ###.....     1%          3    None
g - Sticky Flame          Conj/Fire      #####...     1%          4    ###....
h - Fireball              Conj/Fire      #####.....   3%          5    #####..
i - Dazzling Spray        Conj/Hex       ####..       1%          3    None

Your spell library contained the following spells:

 Spells                   Type           Power        Failure   Level  Hunger
 Throw Icicle             Conj/Ice       ####....     2%          4    ###....
 Flame Tongue             Conj/Fire      #####        1%          1    None
 Shock                    Conj/Air       ####         1%          1    None
 Throw Flame              Conj/Fire      #####.       1%          2    None
 Static Discharge         Conj/Air       ####....     1%          3    None
 Inner Flame              Hex/Fire       ###.....     2%          3    None
 Confusing Touch          Hex            #.....       8%          1    None
 Corona                   Hex            #......      8%          1    None
 Swiftness                Chrm/Air       ##......     9%          2    None
 Ensorcelled Hibernation  Hex/Ice        #.....       12%         2    None
 Slow                     Hex            #.......     12%         2    None
 Gell's Gravitas          Tloc           ##........   17%         3    None
 Confuse                  Hex            #.......     22%         3    None
 Tukima's Dance           Hex            #.......     22%         3    None
 Lightning Bolt           Conj/Air       ####......   5%          5    #####..
 Venom Bolt               Conj/Pois      ####......   7%          5    #####..
 Bolt of Magma            Conj/Fire/Erth ####......   8%          5    #####..
 Airstrike                Air            ##........   13%         4    ###....
 Orb of Destruction       Conj           #####.....   22%         7    #######
 Iron Shot                Conj/Erth      ####......   32%         6    ######.
 Spellforged Servitor     Conj/Summ      #####.....   43%         7    #######
 Yara's Violent Unravell  Hex/Tmut       #.........   45%         5    #####..
 Petrify                  Tmut/Erth      #.......     58%         4    ###....
 Metabolic Englaciation   Hex/Ice        #.........   91%         5    #####..


Dungeon Overview and Level Annotations

Branches:
Dungeon (8/15)             Temple (1/1) D:6            Lair (5/6) D:8
  Swamp (0/4) Lair:2        Snake (0/4) Lair:4
  Slime: Lair:5-6

Altars:
Ashenzari
Cheibriados
Dithmenos
Elyvilon
Fedhas
Gozag
Hepliaklqana
Kikubaaqudgha
Makhleb
Nemelex Xobeh
Okawaru
Qazlal
Ru
Sif Muna
Trog
Uskayaw
Vehumet
Wu Jian
Xom
Zin
The Shining One

Shops:
D:6 =   D:7 }*(?:

Annotations:
D:7 exclusion: oklob plant
Lair:4 Snorg


Innate Abilities, Weirdness & Mutations

You have a beak for a mouth.
You have claws for feet.
You can fly continuously.
You are agile. (Dex +2)
Your system is resistant to poisons. (rPois)


Message History

The puff of frost hits the dream sheep!
The hippogriff bites you but does no damage.
The hippogriff completely misses you. The hippogriff misses you.
The dream sheep bites you!!
You wake up.
* * * LOW HITPOINT WARNING * * *
Your white imp closely misses the dream sheep.
Unknown command.
Okay, then.
As you read the scroll of teleportation, it crumbles to dust.
You feel strangely unstable.
The hippogriff completely misses you. x3
The dream sheep bites you but does no damage.
Your white imp gestures at the hippogriff.
The puff of frost misses the dream sheep.
You hit the hippogriff. You peck the hippogriff.
You kill the hippogriff!
Vehumet accepts your kill.
You feel your power returning.
As the sheep sparkle and sway, your white imp falls asleep.
The dream sheep bites you!
You die...

### ##@##
##Y#Y#.###)
#.Y.Y5......
#..........#
#.......#...#.
#...#...........
#.#...###...#.##
. #... .#.....
.### ..#####


You could see 4 dream sheep and a friendly white imp (sleeping).

Vanquished Creatures
  4 hydras
  An orange crystal statue (Lair:5)
  Pikel (D:8)
  A black mamba (Lair:4)
  A torpor snail (Lair:1)
  Psyche (D:8)
  4 spiny frogs
  4 komodo dragons
  2 rime drakes (Lair:5)
  10 blink frogs
  A dream sheep (Lair:6)
  7 hippogriffs
  A wyvern (D:8)
  17 yaks
  2 nagas (Lair:4)
  6 water moccasins
  9 porcupines
  2 ice beasts
  2 sky beasts (D:8)
  3 orc warriors
  A phantom (D:7)
  A necrophage (D:6)
  A centaur (D:8)
  16 wolves
  8 crocodiles
  An ogre (D:7)
  A big kobold (D:8)
  Blork the orc (D:4)
  6 bullfrogs
  46 killer bees
  3 crimson imps (D:8)
  2 centaur zombies
  3 lava snakes (Lair:5)
  3 orc priests
  2 hounds
  A bullfrog skeleton (D:8)
  6 orc wizards
  Terence (D:3)
  An iguana (D:7)
  6 hell rats
  5 worker ants
  A worker ant zombie (D:8)
  6 gnolls
  6 adders
  2 oozes
  3 worms
  3 dart slugs
  4 leopard geckos
  24 orcs
  2 bats
  4 giant cockroaches
  3 goblins
  9 hobgoblins
  8 jackals
  3 quokkas
  A ball python (D:1)
  5 frilled lizards
  25 kobolds
  A quokka skeleton (D:4)
  10 rats
  A fungus (Lair:5)
  A plant (Lair:4)
316 creatures vanquished.

Vanquished Creatures (collateral kills)
  A spiny frog (Lair:2)
  A rime drake (Lair:4)
  Prince Ribbit (D:6)
  A dream sheep (Lair:6)
  A basilisk (Lair:2)
  5 yaks (Lair:2)
  A phantom (D:5)
  2 ogres (D:6)
  3 centaurs
  A big kobold (D:3)
  A bullfrog (D:7)
  An orc priest (D:4)
  An orc wizard (D:5)
  A worker ant (D:4)
  2 iguanas (D:4)
  An adder (D:2)
  A shadow imp (D:5)
  2 leopard geckos
  7 orcs
  A goblin (D:2)
  A kobold (D:3)
  A quokka (D:4)
  A frilled lizard (D:5)
  2 rats (D:2)
40 creatures vanquished.

Vanquished Creatures (others)
  A slave (D:8)
  An iguana (D:8)
  An orc (D:5)
  10 fungi
  13 plants
26 creatures vanquished.

Grand Total: 382 creatures vanquished

Notes
Turn   | Place    | Note
-------+----------+-------------------------------------------
     0 | D:1      | Bronimir the Tengu Wizard began the quest for the Orb.
     0 | D:1      | Reached XP level 1. HP: 10/10 MP: 5/5
   304 | D:1      | Reached XP level 2. HP: 10/15 MP: 5/7
   390 | D:1      | Learned a level 2 spell: Call Imp
   393 | D:1      | Learned a level 2 spell: Blink
   396 | D:1      | Learned a level 2 spell: Slow
   763 | D:1      | Reached XP level 3. HP: 19/19 MP: 7/9
  1188 | D:2      | Reached skill level 1 in Armour
  1313 | D:2      | Found a hide-covered altar of Uskayaw.
  1320 | D:2      | Reached skill level 2 in Conjurations
  1458 | D:2      | Reached XP level 4. HP: 16/24 MP: 10/10
  1543 | D:2      | Learned a level 3 spell: Conjure Flame
  1546 | D:2      | Found an opulent altar of Gozag.
  1789 | D:2      | Found a snail-covered altar of Cheibriados.
  2213 | D:3      | Gained mutation: You can fly continuously. [Tengu growth]
  2213 | D:3      | Reached XP level 5. HP: 28/28 MP: 12/12
  2481 | D:3      | Noticed Terence
  2505 | D:3      | Killed Terence
  2764 | D:3      | Found a shadowy altar of Dithmenos.
  2932 | D:3      | Noticed a big kobold
  2949 | D:3      | Killed a big kobold
  2949 | D:3      | Reached skill level 1 in Staves
  2949 | D:3      | Reached skill level 3 in Conjurations
  3457 | D:4      | Reached XP level 6. HP: 19/32 MP: 11/13
  3659 | D:4      | Found a shattered altar of Ashenzari.
  4130 | D:4      | Noticed Blork the orc
  4145 | D:4      | Killed Blork the orc
  4209 | D:4      | Learned a level 3 spell: Mephitic Cloud
  4331 | D:4      | Found an ornate altar of the Wu Jian Council.
  4465 | D:4      | Found a sparkling altar of Nemelex Xobeh.
  4553 | D:5      | Entered Level 5 of the Dungeon
  4578 | D:4      | Reached skill level 5 in Spellcasting
  4965 | D:5      | Noticed a phantom
  4982 | D:5      | Killed a phantom
  4982 | D:5      | Reached skill level 4 in Conjurations
  4982 | D:5      | Reached XP level 7. HP: 30/36 MP: 13/16
  6031 | D:5      | Learned a level 4 spell: Sticky Flame
  6054 | D:6      | Noticed Prince Ribbit
  6066 | D:6      | Killed Prince Ribbit
  6066 | D:6      | Reached skill level 1 in Bows
  6066 | D:6      | Reached XP level 8. HP: 42/42 MP: 5/17
  6567 | D:6      | Found Jibuebb's Jewellery Boutique.
  6579 | D:6      | Reached skill level 1 in Fire Magic
  6946 | D:6      | Bought a +3 ring of protection for 210 gold pieces
  6972 | D:6      | Found a staircase to the Ecumenical Temple.
  7017 | Temple   | Entered the Ecumenical Temple
  7255 | Temple   | Became a worshipper of Vehumet
  8281 | D:7      | Found a hazy altar of Hepliaklqana.
  8563 | D:8      | Reached skill level 1 in Fighting
  8667 | D:8      | Reached skill level 5 in Conjurations
  8667 | D:8      | Reached skill level 5 in Summonings
  8729 | D:8      | Noticed Pikel
  8746 | D:8      | Killed Pikel
  8746 | D:8      | Reached XP level 9. HP: 39/48 MP: 17/20
  8848 | D:7      | Found Deni's Book Shop.
  9124 | D:7      | Found Cial Xie's Gadget Boutique.
  9153 | D:7      | Found a blossoming altar of Fedhas.
  9178 | D:7      | Noticed an oklob plant
  9254 | D:7      | Found Hyetaxig's Assorted Antiques.
  9260 | D:7      | Reached skill level 6 in Conjurations
  9387 | D:7      | Found Veamoan's Magic Scroll Emporium.
  9391 | D:7      | Found Wejit's Antique Weapon Shoppe.
  9813 | D:7      | Learned a level 5 spell: Fireball
 10179 | D:8      | Found a sacrificial altar of Ru.
 10206 | D:8      | Noticed Psyche
 10239 | D:8      | Killed Psyche
 10239 | D:8      | Reached skill level 1 in Maces & Flails
 10242 | D:8      | Reached * piety under Vehumet
 10242 | D:8      | Offered knowledge of Freeze by Vehumet.
 10733 | D:8      | Reached skill level 5 in Armour
 10916 | D:8      | Reached XP level 10. HP: 48/55 MP: 12/21
 11023 | D:8      | Reached skill level 7 in Conjurations
 11298 | D:8      | Found a bloodstained altar of Trog.
 11299 | D:8      | Found a burning altar of Makhleb.
 11299 | D:8      | Found a stormy altar of Qazlal.
 11299 | D:8      | Found a shadowy altar of Dithmenos.
 11309 | D:8      | Found a staircase to the Lair.
 11340 | D:8      | Reached skill level 5 in Dodging
 11394 | Lair:1   | Entered Level 1 of the Lair of Beasts
 11418 | D:8      | Reached skill level 1 in Shields
 11601 | Lair:1   | Reached skill level 1 in Air Magic
 12559 | Lair:1   | Noticed a torpor snail
 12581 | Lair:1   | Killed a torpor snail
 12586 | Lair:1   | Reached skill level 5 in Maces & Flails
 12586 | Lair:1   | Reached skill level 8 in Conjurations
 12928 | Lair:2   | Noticed a spiny frog
 13089 | Lair:2   | Killed a spiny frog
 13089 | Lair:2   | Offered knowledge of Sting by Vehumet.
 13089 | Lair:2   | Reached XP level 11. HP: 38/61 MP: 16/24
 13091 | Lair:2   | Reached ** piety under Vehumet
 13387 | Lair:2   | Found a staircase to the Swamp.
 13533 | Lair:2   | Reached skill level 1 in Throwing
 14211 | Lair:2   | Learned a level 3 spell: Dazzling Spray
 14387 | Lair:2   | Got a shimmering cloak
 14398 | Lair:2   | Identified the cursed -3 cloak of Intuition {*Drain rElec
                  | Slay+3} (You found it on level 2 of the Lair of Beasts)
 14755 | Lair:2   | Reached skill level 5 in Fighting
 15167 | Lair:2   | Offered knowledge of Stone Arrow by Vehumet.
 15552 | Lair:2   | Reached skill level 9 in Conjurations
 16116 | Lair:2   | Reached *** piety under Vehumet
 16118 | Lair:2   | Reached skill level 5 in Shields
 17635 | Lair:4   | Noticed an eight-headed hydra
 17642 | Lair:3   | Reached XP level 12. HP: 47/68 MP: 18/25
 17754 | Lair:4   | Noticed Snorg
 17818 | Lair:4   | Offered knowledge of Ignite Poison by Vehumet.
 17898 | Lair:4   | Killed an eight-headed hydra
 17909 | Lair:4   | Found a staircase to the Snake Pit.
 18317 | Lair:4   | Got a warped ring mail
 18318 | Lair:4   | Identified the cursed +0 ring mail of Intercession {Str+3
                  | Int-3} (You found it on level 4 of the Lair of Beasts)
 18322 | Lair:4   | Noticed an eight-headed hydra
 18401 | Lair:3   | HP: 3/69 [poisoned by a killer bee]
 18409 | Lair:3   | HP: 3/69 [poisoned by a killer bee]
 19354 | Lair:4   | Reached **** piety under Vehumet
 19711 | Lair:5   | Offered knowledge of Throw Icicle by Vehumet.
 19796 | Lair:5   | Learned a level 5 spell: Iskenderun's Battlesphere
 20519 | Lair:5   | Reached skill level 10 in Conjurations
 20697 | Lair:5   | Noticed a seven-headed hydra
 21752 | Lair:5   | Noticed a four-headed hydra
 21761 | Lair:5   | Killed a four-headed hydra
 22795 | Lair:5   | Gained mutation: You are agile. (Dex +2) [potion of
                  | mutation]
 22795 | Lair:5   | Gained mutation: Your system is resistant to poisons.
                  | (rPois) [potion of mutation]
 23721 | Lair:4   | Got a crude helmet
 23833 | Lair:4   | Killed an eight-headed hydra
 23995 | Lair:4   | Noticed a seven-headed hydra
 24022 | Lair:4   | Killed a seven-headed hydra
 24167 | Lair:4   | You are sucked into a shaft and drop 2 floors!
 24167 | Lair:6   | Entered Level 6 of the Lair of Beasts
 24185 | Lair:6   | Reached XP level 13. HP: 52/76 MP: 20/27
 24193 | Lair:6   | Slain by a dream sheep

Levels and vault maps discovered:
D:1:      giann_bridges, layout_loops_ring
D:2:      minmay_chambers_of_ones, layout_rooms, marbit_many_paths,
          eat_drink_and_be_merry_uskayaw, lemuel_statue_altar
D:3:      cheibrodos_thug_alley, layout_rooms, first_ration,
          nicolae_dithmenos_through_a_glass_darkly, uniq_terence
D:4:      layout_basic, lemuel_coloured_pillars_altar, lemuel_round_altar,
          ashenzari_altar_1, uniq_blork_the_orc
D:5:      layout_basic, chequers_serial_rivers_micro_a
D:6:      layout_basic, minmay_temple_entry_waves, serial_shops, shop,
          lemuel_old_faithful, uniq_prince_ribbit1
D:7:      layout_basic, tgw_fedhas, kennysheep_mini, serial_shops,
          nicolae_shop_temple_entry_statues_fountains, shop_fountains, shop,
          shop, shop
D:8:      layout_loops_ring, nicolae_ru_awakened_eye,
          chequers_temple_overflow_statue_of_worship, david_lair_shrubbed,
          enter_bailey_7, uniq_pikel, uniq_psyche
Temple:   compressed_dpeg_triangle_lava_temple
Lair:1:   layout_regular_city, serial_bayou_shore_b, lemuel_fruit_tree
Lair:2:   layout_layer_cave, swamp_mist, st_stairs_7, beast_lair_carwin_2,
          grunt_megastairs_4
Lair:3:   layout_gridlike
Lair:4:   wad_woods_minihive, layout_regular_city, guppyfry_snake_entry_garden,
          nicolae_volcano_entry_lava_flow, uniq_snorg
Lair:5:   layout_loops_ring, disabler_island
Lair:6:   gammafunk_lair_ancient_temple, layout_hall_layers,
          minmay_slime_entry_pillars, patterned_corridor

Skill      XL: |  1  2  3  4  5  6  7  8  9 10 11 12 |
---------------+-------------------------------------+-----
Armour         | 1 2 4 5 |  5.3
Conjurations   | 2 3 4 5 6 8 9 10 | 10.4
Spellcasting   | 4 5 6 7 8 9 |  9.7
Summonings     | 2 3 4 5 6 |  6.6
Staves         | 1 2 |  2.2
Bows           | 1 4 |  4.9
Fire Magic     | 2 3 4 |  4.3
Fighting       | 1 2 4 5 6 |  6.6
Dodging        | 3 4 5 6 8 |  8.0
Maces & Flails | 2 5 6 7 |  7.4
Shields        | 2 5 6 |  6.9
Air Magic      | 1 |  1.1
Throwing       | 1 2 |  2.1
Stealth        | |  2.4
Charms         | |  0.3
Translocations | |  0.7

Action                   |  1- 3 |  4- 6 |  7- 9 | 10-12 | 13-15 || total
-------------------------+-------+-------+-------+-------+-------++-------
Melee: Unarmed           |     2 |       |       |       |       ||     2
       Peck              |     4 |     1 |    20 |   105 |     3 ||   133
       Kick              |     3 |     2 |    44 |   149 |     1 ||   199
       Spear             |     1 |       |       |       |       ||     1
       Whip              |    14 |       |       |       |       ||    14
       Staff             |    21 |    13 |    96 |    97 |       ||   227
       Dire flail        |       |       |    48 |   429 |     4 ||   481
 Fire: Shortbow          |       |       |   122 |     8 |       ||   130
Throw: Dart              |       |       |       |    36 |       ||    36
 Cast: Magic Dart        |    61 |   197 |   155 |    80 |       ||   493
       Call Imp          |     6 |    24 |    38 |    71 |       ||   139
       Blink             |     1 |     1 |     4 |    17 |       ||    23
       Slow              |       |    10 |     5 |       |       ||    15
       Mephitic Cloud    |       |     1 |    14 |     5 |       ||    20
       Conjure Flame     |       |     1 |     1 |       |       ||     2
       Sticky Flame      |       |       |     6 |   141 |     1 ||   148
       Fireball          |       |       |       |     4 |       ||     4
       Dazzling Spray    |       |       |       |     2 |       ||     2
       Iskenderun's Batt |       |       |       |     5 |       ||     5
 Abil: Fly               |       |     1 |       |       |       ||     1
Evoke: Phial of floods   |       |       |       |     1 |       ||     1
  Use: Scroll            |     4 |     5 |     5 |    18 |     1 ||    33
       Potion            |       |       |     1 |     6 |       ||     7
 Stab: Sleeping          |     1 |       |     2 |     1 |       ||     4
       Distracted        |       |     1 |       |     4 |       ||     5
       Confused          |       |       |       |     3 |       ||     3
       Invisible         |       |       |       |     2 |       ||     2
  Eat: Chunk             |     2 |    11 |    15 |    18 |       ||    46
       Ration            |       |       |     1 |    11 |       ||    12
Armor: Robe              |    10 |    14 |       |   189 |     7 ||   220
       Leather armour    |       |     3 |    92 |     9 |       ||   104
Dodge: Dodged            |    42 |    60 |   205 |   959 |    10 ||  1276
